 Dungeon Crawl Stone Soup version 0.31-a0-819-gf6de2f5ab6 (webtiles) character file.

Game seed: 1205089647852605105

277 pokeman the Magician (level 6, -1/34 HPs)
             Began as a Deep Elf Hedge Wizard on Sept 24, 2023.
             Slain by a bullfrog (6 damage)
             ... in a sewer.
             The game lasted 00:05:54 (3054 turns).

pokeman the Magician (Deep Elf Hedge Wizard)        Turns: 3054, Time: 00:05:55

Health: -1/34      AC:  2    Str:  7    XL:     6   Next: 4%
Magic:  0/17       EV: 13    Int: 21    God:
Gold:   145        SH:  5    Dex: 14    Spells: 10/18 levels left

rFire   . . .        a - +0 dagger
rCold   . . .        (no shield)
rNeg    . . .        b - +0 robe
rPois   .            c - +0 hat
rElec   .            e - scarf {repulsion}
rCorr   .            (no gloves)
SInv    .            (no boots)
Will    +....        h - amulet of reflection
Stlth   ++           m - ring of willpower
HPRegen 0.25/turn    (no ring)
MPRegen 0.15/turn

%: repel missiles, reflection
@: very slightly contaminated
A: no striking features
a: no special abilities


You were in a sewer.
You visited 1 branch of the dungeon, and saw 3 of its levels.
You also visited: Sewer.

You collected 145 gold pieces.

Inventory:

Hand Weapons
 a - a +0 dagger (weapon)
Armour
 b - a +0 robe (worn)
 c - a +0 hat (worn)
 e - a scarf of repulsion (worn)
Magical Staves
 n - a staff of conjuration
 q - a staff of air
Jewellery
 h - an amulet of reflection (around neck)
 m - a ring of willpower (left hand)
Scrolls
 f - 2 scrolls of fog {unknown}
 g - 2 scrolls of identify {unknown}
 i - 2 scrolls of noise {unknown}
 k - a scroll of summoning {unknown}
 l - a scroll of amnesia {unknown}
 o - 2 scrolls of teleportation {unknown}
 t - a scroll of poison {unknown}
Potions
 d - a potion of magic
 j - 3 potions of curing {unknown}
 p - 2 potions of brilliance {unknown}
 r - a potion of heal wounds {unknown}
 s - a potion of ambrosia {unknown}


   Skills:
 + Level 1.0 Fighting
 - Level 1.0 Armour
 - Level 3.0 Dodging
 - Level 3.0 Stealth
 * Level 6.6 Spellcasting
 + Level 3.0 Conjurations
 - Level 1.1 Summonings
 - Level 1.1 Translocations
 - Level 1.1 Air Magic
 - Level 1.1 Poison Magic
 - Level 1.2 Evocations


You had 10 spell levels left.
You knew the following spells:

 Your Spells              Type           Power      Damage    Failure   Level
a - Magic Dart            Conj           76%        1d6       2%          1
b - Mephitic Cloud        Conj/Pois/Air  14%        N/A       13%         3
c - Call Imp              Summ           22%        N/A       9%          2
d - Blink                 Tloc           22%        N/A       9%          2

Your spell library contained the following spells:

 Spells                   Type           Power      Damage    Failure   Level
 Slow                     Hex            24%        N/A       10%         1
 Cigotuvi's Dreadful Rot  Necr/Pois/Air  20%        N/A       10%         2


Dungeon Overview and Level Annotations

Branches:
Dungeon (3/15)              Sewer (1/1)

Altars:
Qazlal


Message History

You miscast Magic Dart.
You are very lightly contaminated with residual magic.
Nothing appears to happen.
Casting: Magic Dart (safe; 2% risk of failure)
Confirm with . or Enter, or press ? or * to list all spells.
Aiming: Magic Dart (safe; 2% risk of failure)
Press: ? - help, Shift-Dir - straight line, f/p - bullfrog
Aim: a bullfrog (water, heavily wounded, 100% to hit)
The magic dart hits the bullfrog.
The bullfrog is severely wounded.
Casting: Magic Dart (safe; 2% risk of failure)
Confirm with . or Enter, or press ? or * to list all spells.
Aiming: Magic Dart (safe; 2% risk of failure)
Press: ? - help, Shift-Dir - straight line, f/p - bullfrog
Aim: a bullfrog (severely wounded, 100% to hit)
The magic dart hits the bullfrog.
The bullfrog is severely wounded.
The bullfrog releases a deep croak.
The bullfrog hits you.
* * * LOW HITPOINT WARNING * * *
Unknown command.
Casting: Magic Dart (safe; 2% risk of failure)
Confirm with . or Enter, or press ? or * to list all spells.
Aiming: Magic Dart (safe; 2% risk of failure)
Press: ? - help, Shift-Dir - straight line, f/p - bullfrog
Aim: a bullfrog (water, severely wounded, 100% to hit)
The magic dart hits the bullfrog.
The bullfrog is almost dead.
The bullfrog hits you.
* * * LOW HITPOINT WARNING * * *
You block the bullfrog's attack.
Casting: Magic Dart (safe; 2% risk of failure)
Confirm with . or Enter, or press ? or * to list all spells.
Aiming: Magic Dart (safe; 2% risk of failure)
Press: ? - help, Shift-Dir - straight line, f/p - bullfrog
Aim: a bullfrog (water, almost dead, 100% to hit)
The magic dart hits the bullfrog.
The bullfrog is almost dead.
The bullfrog hits you.
You die...

#≈....≈# #≈≈≈~.≈#
#..(..≈# #≈≈~≈~~#
##...†≈# #≈≈~~≈≈#
#≈≈~≈~~# #≈~≈~≈≈#
#≈≈≈~≈~# #≈≈~~≈≈#
#≈~~~~≈# #≈~~≈~≈#
#≈~~~≈≈# #≈†~≈≈~#
#≈~~~≈≈# #####~F~≈≈≈#
##.....# #..##.@...##
#†.....###..##......#
##......##'##......##
#.......#.........#
##.........†..†..##
####.........####
####...#### #####


You could see a bullfrog.

Vanquished Creatures
  A bullfrog (Sewer)
  10 adders
  5 river rats (Sewer)
  A worm (D:2)
  A dart slug (D:2)
  2 bats (D:2)
  8 endoplasms
  7 giant cockroaches
  A goblin (D:2)
  4 hobgoblins
  3 quokkas
  11 ball pythons
  4 frilled lizards
  5 kobolds
  21 rats
84 creatures vanquished.

Notes
Turn   | Place    | Note
-------+----------+-------------------------------------------
     0 | D:1      | pokeman the Deep Elf Hedge Wizard began the quest for the
                  | Orb.
     0 | D:1      | Reached XP level 1. HP: 10/10 MP: 7/7
   306 | D:1      | Reached XP level 2. HP: 16/16 MP: 0/9
  1059 | D:2      | Reached skill level 5 in Spellcasting
  1059 | D:2      | Reached XP level 3. HP: 18/20 MP: 0/11
  1063 | D:2      | Learned a level 3 spell: Mephitic Cloud
  1066 | D:2      | Learned a level 2 spell: Call Imp
  1069 | D:2      | Learned a level 2 spell: Blink
  1357 | D:2      | Reached skill level 1 in Armour
  1507 | D:2      | Reached skill level 1 in Fighting
  1859 | D:3      | Found a stormy altar of Qazlal.
  1865 | D:3      | Reached XP level 4. HP: 25/25 MP: 11/13
  1870 | D:3      | Found a glowing drain.
  2017 | Sewer    | Entered a sewer
  2567 | Sewer    | Reached skill level 6 in Spellcasting
  2569 | Sewer    | Reached XP level 5. HP: 13/29 MP: 5/15
  3024 | Sewer    | Reached skill level 1 in Evocations
  3031 | Sewer    | Reached skill level 1 in Air Magic
  3031 | Sewer    | Reached skill level 1 in Poison Magic
  3031 | Sewer    | Reached XP level 6. HP: 7/34 MP: 5/17
  3054 | Sewer    | Slain by a bullfrog

Illustrated notes

Levels and vault maps discovered:
D:1:      dpeg_arrival_ternary, layout_rooms
D:2:      layout_loops_cross
D:3:      minmay_octagon_keep, layout_basic, lemuel_crystal_altar,
          portal_sewer_entry_f, uniq_ijyb, uniq_jessica
Sewer:    sewer_minmay_w

Skill      XL: |  1  2  3  4  5  6 |
---------------+-------------------+-----
Spellcasting   | 5 6 |  6.6
Armour         | 1 |  1.0
Fighting       | 1 |  1.0
Conjurations   | 2 3 |  3.0
Stealth        | 3 |  3.0
Dodging        | 3 |  3.0
Evocations     | 1 |  1.2
Air Magic      | 1 |  1.1
Poison Magic   | 1 |  1.1
Summonings     | |  1.1
Translocations | |  1.1

Action                     |  1- 3 |  4- 6 || total
---------------------------+-------+-------++-------
  Melee: Dagger            |    14 |     7 ||    21
   Cast: Magic Dart        |    90 |   133 ||   223
         Mephitic Cloud    |     1 |     4 ||     5
   Stab: Sleeping          |     3 |       ||     3
         Confused          |     2 |     1 ||     3
 Armour: Robe              |     6 |    28 ||    34
  Dodge: Dodged            |     9 |    55 ||    64
  Block: Other             |     3 |    12 ||    15

Table legend: (Time is in decaauts)
 A = Elapsed time spent in this place.
 B = Non-inter-level travel time spent in this place.
 C = Inter-level travel time spent in this place.
 D = Time resting spent in this place.
 E = Time spent auto-exploring this place.
 F = Levels seen in this place.
 G = Mean time per level.
                   A        B        C        D        E       F      G
               +--------+--------+--------+--------+--------+-----+--------+
         Total |   3112 |   3062 |     50 |    256 |   2258 |   4 |  778.0 |
       Dungeon |   2018 |   1968 |     50 |    122 |   1564 |   3 |  672.7 |
         Sewer |   1094 |   1094 |      0 |    134 |    694 |   1 | 1094.0 |
               +--------+--------+--------+--------+--------+-----+--------+

Top non-repeatable levels by time:
   Sewer: 1094 daAuts
     D:2: 947 daAuts
     D:1: 868 daAuts
     D:3: 203 daAuts
